EL
PORTLAND SEA DOGS @ BOWIE BAYSOX
08/24/2047
 
TOP OF THE 1ST
Portland Sea Dogs batting - Pitching for Bowie Baysox : RHP Nick Hoag
Pitching: RHP Nick Hoag
Batting: RHB Matt Hinkle 0-0: Ground out 5-3 (Groundball, 15, EV 87.5 MPH)
Batting: RHB Sal Rivera 0-0: Ball
1-0: Fly out, F8 (Line Drive, 8RD, EV 89.4 MPH)
Batting: SHB Ben Ervin 0-0: TRIPLE (Flyball, 9LD, EV 97.5 MPH)
Batting: LHB Noel Young 0-0: Ball
1-0: 2-RUN HOME RUN (Flyball, 89XD, EV 98.8 MPH), Distance : 411 ft
Batting: RHB Andy Garvin 0-0: Swinging Strike
0-1: Called Strike
0-2: Ball
1-2: Strikes out swinging
Top of the 1st over - 2 runs, 2 hits, 0 errors, 0 left on base; Portland 2 - Bowie 0
BOTTOM OF THE 1ST
Bowie Baysox batting - Pitching for Portland Sea Dogs : RHP Chris Cory
Pitching: RHP Chris Cory
Batting: LHB Tsutomu Miyahara 0-0: Called Strike
0-1: Swinging Strike
0-2: Ball
1-2: Ball
2-2: DOUBLE (Groundball, 3L, EV 96.2 MPH)
Batting: RHB Ken Jenkins 0-0: Hit by Pitch
Batting: LHB Ben Goldstein 0-0: Swinging Strike
0-1: Ball
1-1: Ball
2-1: Grounds into double play, 3-6-3 (Groundball, 3, EV 88.1 MPH)
Tsutomu Miyahara to third
Batting: RHB Muneer Maudad 0-0: Ball
1-0: DOUBLE (Line Drive, 9LD, EV 111.2 MPH)
Tsutomu Miyahara scores
Batting: RHB Kory Sanchez 0-0: Ball
1-0: Ball
2-0: Called Strike
2-1: Called Strike
2-2: Ground out 6-3 (Groundball, 6S, EV 82.5 MPH)
Bottom of the 1st over - 1 run, 2 hits, 0 errors, 1 left on base; Portland 2 - Bowie 1
TOP OF THE 2ND
Portland Sea Dogs batting - Pitching for Bowie Baysox : RHP Nick Hoag
Batting: LHB Frank Olivo 0-0: Ball
1-0: Swinging Strike
1-1: Called Strike
1-2: Ball
2-2: Ball
3-2: Base on Balls
Batting: RHB Zi-jing Wang 0-0: Called Strike
0-1: Called Strike
0-2: Strikes out swinging
Batting: RHB Alex Melendez 0-0: Called Strike
0-1: Ball
1-1: Grounds into double play, 5-4-3 (Groundball, 56, EV 86.9 MPH)
Top of the 2nd over - 0 runs, 0 hits, 0 errors, 0 left on base; Portland 2 - Bowie 1
BOTTOM OF THE 2ND
Bowie Baysox batting - Pitching for Portland Sea Dogs : RHP Chris Cory
Batting: LHB Jose Chinchilla 0-0: Ground out 5-3 (Groundball, 56D, EV 86.9 MPH)
Batting: RHB Edwin Ramos 0-0: Foul Ball, location: 2F
0-1: Called Strike
0-2: Ball
1-2: Ball
2-2: Strikes out swinging
Batting: LHB Matt Patnaude 0-0: Ball
1-0: Foul Ball, location: 2F
1-1: Ball
2-1: Ground out 6-3 (Groundball, 4MS, EV 87.5 MPH)
Bottom of the 2nd over - 0 runs, 0 hits, 0 errors, 0 left on base; Portland 2 - Bowie 1
TOP OF THE 3RD
Portland Sea Dogs batting - Pitching for Bowie Baysox : RHP Nick Hoag
Batting: RHB Frank Sokolosky 0-0: Ball
1-0: Swinging Strike
1-1: Ball
2-1: Ground out 6-3 (Groundball, 6, EV 90.6 MPH)
Batting: RHB Matt Hinkle 0-0: Called Strike
0-1: Fly out, F8 (Flyball, 78M, EV 82.5 MPH)
Batting: RHB Sal Rivera 0-0: SINGLE (Flyball, 4D, EV 87.5 MPH)
Batting: SHB Ben Ervin 0-0: Called Strike
0-1: SINGLE (Groundball, 5L, EV 104.4 MPH) (infield hit)
Sal Rivera to second
Batting: LHB Noel Young 0-0: Ball
1-0: Ground out 4-3 (Groundball, 4, EV 85.0 MPH)
Top of the 3rd over - 0 runs, 2 hits, 0 errors, 2 left on base; Portland 2 - Bowie 1
BOTTOM OF THE 3RD
Bowie Baysox batting - Pitching for Portland Sea Dogs : RHP Chris Cory
Batting: RHB Travis Carter 0-0: Called Strike
0-1: Ball
1-1: Ball
2-1: SINGLE (Groundball, 4MD, EV 106.2 MPH)
Batting: LHB Tsutomu Miyahara 0-0: Called Strike
0-1: Fielders Choice at 2nd, 6-4 (Groundball, 6M, EV 86.2 MPH)
Batting: RHB Ken Jenkins 0-0: Called Strike
0-1: Ball
Tsutomu Miyahara steals 2nd base
1-1: Fly out, F8 (Line Drive, 8LXD, EV 91.2 MPH)
Runner from 2nd tags up, SAFE at 3rd, no throw by CF
Batting: LHB Ben Goldstein 0-0: Called Strike
0-1: Ground out 5-3 (Groundball, 6, EV 86.2 MPH)
Bottom of the 3rd over - 0 runs, 1 hit, 0 errors, 1 left on base; Portland 2 - Bowie 1
TOP OF THE 4TH
Portland Sea Dogs batting - Pitching for Bowie Baysox : RHP Nick Hoag
Batting: RHB Andy Garvin 0-0: Foul Ball, location: 2F
0-1: Ball
1-1: Swinging Strike
1-2: Ball
2-2: Strikes out swinging
Batting: LHB Frank Olivo 0-0: Ball
1-0: Ball
2-0: Called Strike
2-1: Foul Ball, location: 2F
2-2: Ground out 6-3 (Groundball, 6M, EV 91.9 MPH)
Batting: RHB Zi-jing Wang 0-0: Ball
1-0: DOUBLE (Line Drive, 3D, EV 104.4 MPH)
Batting: RHB Alex Melendez 0-0: Ground out 6-3 (Groundball, 6, EV 77.5 MPH)
Top of the 4th over - 0 runs, 1 hit, 0 errors, 1 left on base; Portland 2 - Bowie 1
BOTTOM OF THE 4TH
Bowie Baysox batting - Pitching for Portland Sea Dogs : RHP Chris Cory
Batting: RHB Muneer Maudad 0-0: Ball
1-0: Ground out 6-3 (Groundball, 6, EV 106.2 MPH)
Batting: RHB Kory Sanchez 0-0: Called Strike
0-1: DOUBLE (Line Drive, 89D, EV 100.6 MPH)
Batting: LHB Jose Chinchilla 0-0: Swinging Strike
0-1: Ball
1-1: Foul Ball, location: 2F
1-2: Foul Ball, location: 2F
1-2: Ball
2-2: SINGLE (Groundball, 34D, EV 103.8 MPH)
Kory Sanchez to third
Batting: RHB Edwin Ramos 0-0: Ball
1-0: DOUBLE (Flyball, 8RXD, EV 96.9 MPH)
Kory Sanchez scores
Jose Chinchilla to third
Batting: LHB Matt Patnaude 0-0: Called Strike
0-1: Ball
1-1: Ball
2-1: Ground out 6-3 (Groundball, 6, EV 78.8 MPH)
Jose Chinchilla scores
Batting: RHB Travis Carter 0-0: Fly out, F7 (Flyball, 7, EV 81.9 MPH)
Bottom of the 4th over - 2 runs, 3 hits, 0 errors, 1 left on base; Portland 2 - Bowie 3
TOP OF THE 5TH
Portland Sea Dogs batting - Pitching for Bowie Baysox : RHP Nick Hoag
Batting: RHB Frank Sokolosky 0-0: Ball
1-0: Called Strike
1-1: Fly out, F9 (Flyball, 9LM, EV 88.1 MPH)
Batting: RHB Matt Hinkle 0-0: Foul Ball, location: 2F
0-1: Ball
1-1: Ball
2-1: Fly out, F7 (Flyball, 7D, EV 93.1 MPH)
Batting: RHB Sal Rivera 0-0: Foul Ball, location: 2F
0-1: Ball
1-1: Ball
2-1: Foul Ball, location: 2F
2-2: Ball
3-2: Foul Ball, location: 2F
3-2: Fly out, F7 (Flyball, 78M, EV 90.0 MPH)
Top of the 5th over - 0 runs, 0 hits, 0 errors, 0 left on base; Portland 2 - Bowie 3
BOTTOM OF THE 5TH
Bowie Baysox batting - Pitching for Portland Sea Dogs : RHP Chris Cory
Batting: LHB Tsutomu Miyahara 0-0: Ball
1-0: Foul Ball, location: 2F
1-1: Ball
2-1: Foul Ball, location: 2F
2-2: Ball
3-2: Fly out, F7 (Flyball, 7, EV 76.2 MPH)
Batting: RHB Ken Jenkins 0-0: Ball
1-0: Fly out, F9 (Line Drive, 9S, EV 93.1 MPH)
Batting: LHB Ben Goldstein 0-0: Swinging Strike
0-1: Called Strike
0-2: Strikes out swinging
Bottom of the 5th over - 0 runs, 0 hits, 0 errors, 0 left on base; Portland 2 - Bowie 3
TOP OF THE 6TH
Portland Sea Dogs batting - Pitching for Bowie Baysox : RHP Nick Hoag
Batting: SHB Ben Ervin 0-0: Foul Ball, location: 2F
0-1: Foul Ball, location: 2F
0-2: Strikes out swinging
Batting: LHB Noel Young 0-0: Ball
1-0: Swinging Strike
1-1: Ground out 4-3 (Groundball, 4S, EV 80.0 MPH)
Batting: RHB Andy Garvin 0-0: Called Strike
0-1: Foul Ball, location: 2F
0-2: Ball
1-2: Ball
2-2: Ball
3-2: Foul Ball, location: 2F
3-2: Foul Ball, location: 2F
3-2: Ground out 5-3 (Groundball, 56, EV 82.5 MPH)
Top of the 6th over - 0 runs, 0 hits, 0 errors, 0 left on base; Portland 2 - Bowie 3
BOTTOM OF THE 6TH
Bowie Baysox batting - Pitching for Portland Sea Dogs : RHP Chris Cory
Batting: RHB Muneer Maudad 0-0: Foul Ball, location: 2F
0-1: Ball
1-1: Ball
2-1: Foul Ball, location: 2F
2-2: Strikes out swinging
Batting: RHB Kory Sanchez 0-0: Foul Ball, location: 2F
0-1: Ball
1-1: Foul Ball, location: 2F
1-2: Foul Ball, location: 2F
1-2: Ball
2-2: Strikes out swinging
Batting: LHB Jose Chinchilla 0-0: Foul Ball, location: 2F
0-1: Ball
1-1: Swinging Strike
1-2: Ground out 5-3 (Groundball, 56S, EV 81.2 MPH)
Bottom of the 6th over - 0 runs, 0 hits, 0 errors, 0 left on base; Portland 2 - Bowie 3
TOP OF THE 7TH
Portland Sea Dogs batting - Pitching for Bowie Baysox : RHP Nick Hoag
Batting: LHB Frank Olivo 0-0: Ball
1-0: DOUBLE (Line Drive, 9LM, EV 98.8 MPH)
Pinch Hitting: LHB Julian Toney 0-0: Ball
1-0: Ball
2-0: Foul Ball, location: 2F
2-1: Ground out 4-3 (Groundball, 4, EV 106.9 MPH)
Frank Olivo to third
Pitching: RHP Mike Brubaker
Batting: RHB Alex Melendez 0-0: Called Strike
0-1: Ball
1-1: Called Strike
1-2: Fly out, F8 (Flyball, 8LD, EV 103.1 MPH)
Runner from 3rd tags up, SCORES, throw by CF
Pinch Hitting: LHB Eddie Contreras 0-0: Ball
1-0: Foul Ball, location: 2F
1-1: Foul Ball, location: 2F
1-2: Fly out, F8 (Line Drive, 8LD, EV 96.9 MPH)
Top of the 7th over - 1 run, 1 hit, 0 errors, 0 left on base; Portland 3 - Bowie 3
BOTTOM OF THE 7TH
Bowie Baysox batting - Pitching for Portland Sea Dogs : RHP Chris Cory
Now at SS: Nick Cottrell
Now in CF: Sal Rivera
Now in RF: Julian Toney
Batting: RHB Edwin Ramos 0-0: Fly out, F8 (Flyball, 89M, EV 82.5 MPH)
Batting: LHB Matt Patnaude 0-0: Ball
1-0: Fly out, F8 (Flyball, 8LS, EV 82.5 MPH)
Batting: RHB Travis Carter 0-0: Called Strike
0-1: Ball
1-1: Swinging Strike
1-2: Ball
2-2: Fly out, F8 (Flyball, 78M, EV 78.8 MPH)
Bottom of the 7th over - 0 runs, 0 hits, 0 errors, 0 left on base; Portland 3 - Bowie 3
TOP OF THE 8TH
Portland Sea Dogs batting - Pitching for Bowie Baysox : RHP Mike Brubaker
Batting: RHB Matt Hinkle 0-0: Ball
1-0: Foul Ball, location: 2F
1-1: Foul Ball, location: 2F
1-2: Ball
2-2: Foul Ball, location: 2F
2-2: Ground out 5-3 (Groundball, 56, EV 105.0 MPH)
Pinch Hitting: LHB Sergio Tinoco 0-0: SINGLE (Groundball, 4M, EV 108.8 MPH) (infield hit)
Batting: SHB Ben Ervin 0-0: Called Strike
0-1: Ball
1-1: Foul Ball, location: 2F
1-2: Ball
2-2: Strikes out swinging
Batting: LHB Noel Young 0-0: Ball
1-0: Foul Ball, location: 2F
1-1: Foul Ball, location: 2F
1-2: Strikes out swinging
Top of the 8th over - 0 runs, 1 hit, 0 errors, 1 left on base; Portland 3 - Bowie 3
BOTTOM OF THE 8TH
Bowie Baysox batting - Pitching for Portland Sea Dogs : RHP Chris Cory
Now in CF: Sergio Tinoco
Batting: LHB Tsutomu Miyahara 0-0: Called Strike
0-1: Swinging Strike
0-2: Ball
1-2: Ground out 4-3 (Groundball, 34, EV 90.6 MPH)
Pitching: RHP Juan Mejia
Batting: RHB Ken Jenkins 0-0: Called Strike
0-1: SINGLE (Groundball, 34D, EV 99.4 MPH)
Batting: LHB Ben Goldstein 0-0: Ball
1-0: Foul Ball, location: 2F
1-1: Swinging Strike
Ken Jenkins steals 2nd base
1-2: Strikes out swinging
Batting: RHB Muneer Maudad 0-0: Ball
1-0: Swinging Strike
1-1: Swinging Strike
1-2: Ball
2-2: Ball
3-2: Foul Ball, location: 2F
3-2: Base on Balls
Pinch Hitting: SHB Ben Pierce 0-0: Ball
1-0: Called Strike
1-1: Ground out U3 (Groundball, 3, EV 82.5 MPH)
Bottom of the 8th over - 0 runs, 1 hit, 0 errors, 2 left on base; Portland 3 - Bowie 3
TOP OF THE 9TH
Portland Sea Dogs batting - Pitching for Bowie Baysox : RHP Mike Brubaker
Now at C: Hugo Moreno
Pinch Hitting: LHB Parker Lowe 0-0: Ball
1-0: Swinging Strike
1-1: Swinging Strike
1-2: Ball
2-2: Ball
3-2: Fly out, F9 (Flyball, 89M, EV 88.1 MPH)
Batting: LHB Frank Olivo 0-0: Ball
1-0: Ball
2-0: Ball
3-0: Called Strike
3-1: Swinging Strike
3-2: Base on Balls
Batting: LHB Julian Toney 0-0: Fielders Choice at 2nd, 5-4 (Groundball, 5, EV 109.4 MPH)
Batting: RHB Alex Melendez 0-0: Called Strike
Julian Toney steals 2nd base
0-1: Swinging Strike
0-2: Ball
1-2: Ball
2-2: Foul Ball, location: 2F
2-2: Strikes out swinging
Top of the 9th over - 0 runs, 0 hits, 0 errors, 1 left on base; Portland 3 - Bowie 3
BOTTOM OF THE 9TH
Bowie Baysox batting - Pitching for Portland Sea Dogs : RHP Juan Mejia
Pitching: RHP Pedro Torres
Now at 1B: Parker Lowe
Batting: LHB Jose Chinchilla 0-0: Called Strike
0-1: Swinging Strike
0-2: Ball
1-2: Foul Ball, location: 2F
1-2: Foul Ball, location: 2F
1-2: Ball
2-2: Strikes out swinging
Batting: RHB Edwin Ramos 0-0: Ball
1-0: Ball
2-0: Ball
3-0: Called Strike
3-1: Foul Ball, location: 2F
3-2: Foul Ball, location: 2F
3-2: Foul Ball, location: 2F
3-2: Base on Balls
Batting: LHB Matt Patnaude 0-0: Grounds out, U3 (Groundball, 3L, EV 86.2 MPH)
Batting: RHB Travis Carter 0-0: Ball
1-0: Ball
2-0: Foul Ball, location: 2F
2-1: Ball
3-1: Called Strike
3-2: Base on Balls
Batting: LHB Tsutomu Miyahara 0-0: Ball
1-0: Ground out 4-3 (Groundball, 4, EV 101.2 MPH)
Bottom of the 9th over - 0 runs, 0 hits, 0 errors, 2 left on base; Portland 3 - Bowie 3
TOP OF THE 10TH
Portland Sea Dogs batting - Pitching for Bowie Baysox : RHP Mike Brubaker
Pitching: RHP Craig Potter
Batting: RHB Nick Cottrell 0-0: Swinging Strike
0-1: Fly out, F9 (Flyball, 89S, EV 63.8 MPH)
Batting: RHB Matt Hinkle 0-0: Ball
1-0: Ball
2-0: Ball
3-0: Called Strike
3-1: Foul Ball, location: 2F
3-2: Ground out 1-3 (Groundball, 13S, EV 65.0 MPH)
Batting: LHB Sergio Tinoco 0-0: Foul Ball, location: 2F
0-1: Fly out, F8 (Flyball, 8RXD, EV 105.6 MPH)
Top of the 10th over - 0 runs, 0 hits, 0 errors, 0 left on base; Portland 3 - Bowie 3
BOTTOM OF THE 10TH
Bowie Baysox batting - Pitching for Portland Sea Dogs : RHP Pedro Torres
Batting: RHB Ken Jenkins 0-0: Called Strike
0-1: Ball
1-1: Ball
2-1: Ball
3-1: Base on Balls
Batting: LHB Ben Goldstein 0-0: Ball
1-0: Ball
2-0: Swinging Strike
2-1: Called Strike
2-2: Strikes out swinging
Pitching: RHP Riley Pooley
Batting: RHB Muneer Maudad 0-0: Fly out, F8 (Flyball, 8RM, EV 87.5 MPH)
Batting: SHB Hugo Moreno 0-0: Called Strike
0-1: Swinging Strike
0-2: Ball
1-2: Strikes out looking
Bottom of the 10th over - 0 runs, 0 hits, 0 errors, 1 left on base; Portland 3 - Bowie 3
TOP OF THE 11TH
Portland Sea Dogs batting - Pitching for Bowie Baysox : RHP Craig Potter
Batting: SHB Ben Ervin 0-0: Foul Ball, location: 2F
0-1: Ball
1-1: Ball
2-1: Called Strike
2-2: Foul Ball, location: 2F
2-2: Ball
3-2: Base on Balls
Batting: LHB Noel Young 0-0: Ball
1-0: Ball
2-0: Fly out, F9 (Flyball, 89M, EV 90.0 MPH)
Batting: LHB Parker Lowe 0-0: Ball
1-0: Called Strike
Ben Ervin is caught stealing 2nd base 2-6
1-1: Ball
2-1: Swinging Strike
2-2: Fly out, F8 (Flyball, 8RD, EV 96.9 MPH)
Top of the 11th over - 0 runs, 0 hits, 0 errors, 0 left on base; Portland 3 - Bowie 3
BOTTOM OF THE 11TH
Bowie Baysox batting - Pitching for Portland Sea Dogs : RHP Riley Pooley
Batting: LHB Jose Chinchilla 0-0: Foul Ball, location: 2F
0-1: Swinging Strike
0-2: Ground out 5-3 (Groundball, 56, EV 95.6 MPH)
Batting: RHB Edwin Ramos 0-0: Called Strike
0-1: Ball
1-1: Fly out, F8 (Line Drive, 8RD, EV 99.4 MPH)
Batting: LHB Matt Patnaude 0-0: Foul Ball, location: 2F
0-1: DOUBLE (Line Drive, 8RXD, EV 109.4 MPH)
Batting: RHB Travis Carter 0-0: Ball
1-0: Ball
2-0: Foul Ball, location: 2F
2-1: Ball
3-1: Ground out 6-3 (Groundball, 6, EV 104.4 MPH)
Bottom of the 11th over - 0 runs, 1 hit, 0 errors, 1 left on base; Portland 3 - Bowie 3
TOP OF THE 12TH
Portland Sea Dogs batting - Pitching for Bowie Baysox : RHP Craig Potter
Pitching: RHP Andy Rondeau
Batting: LHB Frank Olivo 0-0: Ball
1-0: Ball
2-0: Called Strike
2-1: Ball
3-1: Base on Balls
Batting: LHB Julian Toney 0-0: Called Strike
0-1: Ball
1-1: Ball
2-1: Swinging Strike
2-2: Strikes out swinging
Batting: RHB Alex Melendez 0-0: Called Strike
0-1: Ball
1-1: Ball
2-1: Ball
3-1: Base on Balls
Frank Olivo to second
Batting: RHB Nick Cottrell 0-0: Fly out, F8 (Flyball, 8RM, EV 93.1 MPH)
Batting: RHB Matt Hinkle 0-0: Called Strike
0-1: Foul Ball, location: 2F
0-2: Foul Ball, location: 2F
0-2: Fly out, F8 (Line Drive, 8LM, EV 100.0 MPH)
Top of the 12th over - 0 runs, 0 hits, 0 errors, 2 left on base; Portland 3 - Bowie 3
BOTTOM OF THE 12TH
Bowie Baysox batting - Pitching for Portland Sea Dogs : RHP Riley Pooley
Batting: LHB Tsutomu Miyahara 0-0: Ball
1-0: Ball
2-0: Called Strike
2-1: Fly out, F8 (Flyball, 89M, EV 89.4 MPH)
Batting: RHB Ken Jenkins 0-0: Ground out 4-3 (Groundball, 4, EV 83.1 MPH)
Batting: LHB Ben Goldstein 0-0: Swinging Strike
0-1: Ball
1-1: Ground out 5-3 (Groundball, 5, EV 85.0 MPH)
Bottom of the 12th over - 0 runs, 0 hits, 0 errors, 0 left on base; Portland 3 - Bowie 3
TOP OF THE 13TH
Portland Sea Dogs batting - Pitching for Bowie Baysox : RHP Andy Rondeau
Batting: LHB Sergio Tinoco 0-0: Ball
1-0: Ball
2-0: Called Strike
2-1: Swinging Strike
2-2: Foul Ball, location: 2F
2-2: Strikes out swinging
Batting: SHB Ben Ervin 0-0: Ball
1-0: Called Strike
1-1: Ball
2-1: Ball
3-1: Base on Balls
Batting: LHB Noel Young 0-0: Called Strike
0-1: Swinging Strike
0-2: Hit by Pitch
Ben Ervin to second
Pitching: RHP Shane Kruger
Pinch Runner at 1st Carlos Nolasco:
Batting: LHB Parker Lowe 0-0: Called Strike
0-1: Foul Ball, location: 2F
0-2: Ball
1-2: Foul Ball, location: 2F
1-2: Strikes out swinging
Batting: LHB Frank Olivo 0-0: Ball
1-0: Called Strike
1-1: Ball
2-1: Swinging Strike
2-2: Ball
3-2: Foul Ball, location: 2F
3-2: Fly out, F6 (Line Drive, 6, EV 69.4 MPH)
Top of the 13th over - 0 runs, 0 hits, 0 errors, 2 left on base; Portland 3 - Bowie 3
BOTTOM OF THE 13TH
Bowie Baysox batting - Pitching for Portland Sea Dogs : RHP Riley Pooley
Batting: RHB Muneer Maudad 0-0: Ball
1-0: Fly out, F8 (Flyball, 8RS, EV 92.5 MPH)
Batting: SHB Hugo Moreno 0-0: Ball
1-0: Ball
2-0: Ground out U3 (Groundball, 34S, EV 80.6 MPH)
Batting: LHB Jose Chinchilla 0-0: Called Strike
0-1: Ground out 5-3 (Groundball, 56, EV 83.8 MPH)
Bottom of the 13th over - 0 runs, 0 hits, 0 errors, 0 left on base; Portland 3 - Bowie 3
TOP OF THE 14TH
Portland Sea Dogs batting - Pitching for Bowie Baysox : RHP Shane Kruger
Batting: LHB Julian Toney 0-0: Called Strike
0-1: Foul Ball, location: 2F
0-2: Ball
1-2: Fly out, F7 (Flyball, 7, EV 79.4 MPH)
Batting: RHB Alex Melendez 0-0: Ball
1-0: Called Strike
1-1: Foul Ball, location: 2F
1-2: Ground out 6-3 (Groundball, 6, EV 103.1 MPH)
Batting: RHB Nick Cottrell 0-0: Ball
1-0: Ball
2-0: Ball
3-0: Called Strike
3-1: Base on Balls
Batting: RHB Matt Hinkle 0-0: Foul Ball, location: 2F
0-1: Foul Ball, location: 2F
0-2: Strikes out swinging
Top of the 14th over - 0 runs, 0 hits, 0 errors, 1 left on base; Portland 3 - Bowie 3
BOTTOM OF THE 14TH
Bowie Baysox batting - Pitching for Portland Sea Dogs : RHP Riley Pooley
Batting: RHB Edwin Ramos 0-0: Foul Ball, location: 2F
0-1: Ball
1-1: Ball
2-1: Ball
3-1: DOUBLE (Flyball, 89XD, EV 89.4 MPH)
Pitching: RHP Jose Escobar
Batting: LHB Matt Patnaude 0-0: Foul Ball, location: 2F
0-1: Foul Ball, location: 2F
0-2: Ball
1-2: Ground out U3 (Groundball, 34, EV 111.2 MPH)
Edwin Ramos to third
Batting: RHB Travis Carter 0-0: Ball
1-0: Bunted foul
1-1: Ball
2-1: Foul Ball, location: 2F
2-2: Foul Ball, location: 2F
2-2: Fielders Choice at home, 6-2 (Groundball, 15, EV 86.9 MPH)
Batting: LHB Tsutomu Miyahara 0-0: Ball
1-0: Ball
2-0: Ball
3-0: Base on Balls
Travis Carter to second
Batting: RHB Ken Jenkins 0-0: Ball
1-0: Ball
2-0: Called Strike
2-1: Ball
3-1: Fly out, F8 (Flyball, 8LM, EV 93.1 MPH)
Bottom of the 14th over - 0 runs, 1 hit, 0 errors, 2 left on base; Portland 3 - Bowie 3
TOP OF THE 15TH
Portland Sea Dogs batting - Pitching for Bowie Baysox : RHP Shane Kruger
Batting: LHB Sergio Tinoco 0-0: SINGLE (Line Drive, 7S, EV 106.9 MPH)
Batting: SHB Ben Ervin 0-0: Foul Ball, location: 2F
0-1: Called Strike
0-2: Ball
1-2: Foul Ball, location: 2F
1-2: Ball
2-2: Fly out, F8 (Flyball, 8LD, EV 85.6 MPH)
Pitching: RHP Mike Wheeler
Batting: RHB Carlos Nolasco 0-0: Called Strike
0-1: Foul Ball, location: 2F
0-2: Strikes out swinging
Batting: LHB Parker Lowe 0-0: Ball
1-0: Foul Ball, location: 2F
1-1: Ball
Sergio Tinoco is caught stealing 2nd base 2-6
Top of the 15th over - 0 runs, 1 hit, 0 errors, 0 left on base; Portland 3 - Bowie 3
BOTTOM OF THE 15TH
Bowie Baysox batting - Pitching for Portland Sea Dogs : RHP Jose Escobar
Batting: LHB Ben Goldstein 0-0: Ball
1-0: Swinging Strike
1-1: Ball
2-1: SINGLE (Groundball, 4D, EV 100.6 MPH)
Batting: RHB Muneer Maudad 0-0: Foul Ball, location: 2F
0-1: Foul Ball, location: 2F
0-2: Strikes out looking
Pinch Hitting: LHB Raul Rojas 0-0: Ball
1-0: Ball
2-0: Ball
3-0: Base on Balls
Ben Goldstein to second
Batting: LHB Jose Chinchilla 0-0: Ground out U3 (Groundball, 34, EV 98.1 MPH)
Ben Goldstein to third
Raul Rojas to second
Batting: RHB Edwin Ramos 0-0: Swinging Strike
0-1: Ground out 5-3 (Groundball, 56, EV 100.0 MPH)
Bottom of the 15th over - 0 runs, 1 hit, 0 errors, 2 left on base; Portland 3 - Bowie 3
TOP OF THE 16TH
Portland Sea Dogs batting - Pitching for Bowie Baysox : RHP Mike Wheeler
Now at C: Andrew Korman
Batting: LHB Parker Lowe 0-0: Ground out U3 (Groundball, 34S, EV 90.0 MPH)
Batting: LHB Frank Olivo 0-0: Ball
1-0: Swinging Strike
1-1: Ball
2-1: Ball
3-1: Swinging Strike
3-2: Strikes out swinging, 2-3 out at first.
Batting: LHB Julian Toney 0-0: Ball
1-0: Ball
2-0: Ball
3-0: Base on Balls
Batting: RHB Alex Melendez 0-0: Ball
1-0: Ball
2-0: Ball
3-0: Called Strike
3-1: Foul Ball, location: 2F
3-2: Foul Ball, location: 2F
3-2: Fly out, F7 (Flyball, 7LM, EV 78.8 MPH)
Top of the 16th over - 0 runs, 0 hits, 0 errors, 1 left on base; Portland 3 - Bowie 3
BOTTOM OF THE 16TH
Bowie Baysox batting - Pitching for Portland Sea Dogs : RHP Jose Escobar
Batting: LHB Matt Patnaude 0-0: Ball
1-0: Ground out 5-3 (Groundball, 6, EV 83.1 MPH)
Batting: RHB Travis Carter 0-0: Ball
1-0: Ball
2-0: Called Strike
2-1: Ball
3-1: Foul Ball, location: 2F
3-2: Base on Balls
Batting: LHB Tsutomu Miyahara 0-0: Ball
1-0: Foul Ball, location: 2F
1-1: Called Strike
1-2: Ball
2-2: Foul Ball, location: 2F
2-2: Grounds out, U3 (Groundball, 3L, EV 91.9 MPH)
Batting: RHB Ken Jenkins 0-0: Foul Ball, location: 2F
0-1: Ground out 4-3 (Groundball, 4, EV 92.5 MPH)
Bottom of the 16th over - 0 runs, 0 hits, 0 errors, 1 left on base; Portland 3 - Bowie 3
TOP OF THE 17TH
Portland Sea Dogs batting - Pitching for Bowie Baysox : RHP Mike Wheeler
Batting: RHB Nick Cottrell 0-0: Ball
1-0: Foul Ball, location: 2F
1-1: Ground out U3 (Groundball, 3L, EV 84.4 MPH)
Batting: RHB Matt Hinkle 0-0: SINGLE (Line Drive, 7S, EV 101.9 MPH)
Batting: LHB Sergio Tinoco 0-0: Ball
Matt Hinkle is caught stealing 2nd base 2-6
1-0: Foul Ball, location: 2F
1-1: Ball
2-1: Ground out 4-3 (Groundball, 4M, EV 101.2 MPH)
Top of the 17th over - 0 runs, 1 hit, 0 errors, 0 left on base; Portland 3 - Bowie 3
BOTTOM OF THE 17TH
Bowie Baysox batting - Pitching for Portland Sea Dogs : RHP Jose Escobar
Batting: LHB Ben Goldstein 0-0: Called Strike
0-1: Swinging Strike
0-2: Foul Ball, location: 2F
0-2: DOUBLE (Line Drive, 9LM, EV 106.2 MPH)
Batting: RHB Muneer Maudad 0-0: Intentional Walk
Batting: RHB Andrew Korman 0-0: Ball
1-0: Foul Ball, location: 2F
1-1: Ball
2-1: Foul Ball, location: 2F
2-2: Foul Ball, location: 2F
2-2: Foul Ball, location: 2F
2-2: Ground out 6-3 (Groundball, P, EV 88.1 MPH)
Ben Goldstein to third
Muneer Maudad to second
Batting: LHB Jose Chinchilla 0-0: Intentional Walk
Pitching: RHP Elliot Monroe
Batting: RHB Edwin Ramos 0-0: Ball
1-0: Ball
2-0: Fly out, F7 (Flyball, 7D, EV 96.9 MPH)
Runner from 3rd tags up, SCORES, throw by LF
Bottom of the 17th over - 1 run, 1 hit, 0 errors, 2 left on base; Portland 3 - Bowie 4
Thursday, December 15th , 2022 - OOTP Baseball 23.9 Build 102